 Dungeon Crawl Stone Soup version 0.31-a0-595-g4209ae197b (webtiles) character file.

Game seed: 2556687105572836075

253 AdnanSaban the Trooper (level 6, -1/39 HPs)
             Began as a Gargoyle Fighter on Aug 20, 2023.
             Killed by nerve-wracking pain
             ... invoked by an orc priest
              (7 damage)
             ... on level 4 of the Dungeon.
             The game lasted 00:01:46 (1411 turns).

AdnanSaban the Trooper (Gargoyle Fighter)           Turns: 1411, Time: 00:01:47

Health: -1/39      AC: 11    Str: 21    XL:     6   Next: 14%
Magic:  6/6        EV:  9    Int:  9    God:
Gold:   94         SH:  4    Dex:  9    Spells: 5/5 levels left

rFire   . . .        a - +0 flail
rCold   . . .        c - +0 buckler
rNeg    + . .        b - +0 scale mail
rPois   ∞            (no helmet)
rElec   +            (no cloak)
rCorr   .            (no gloves)
SInv    .            (no boots)
Will    .....        (no amulet) Stlth
                     (no ring)
HPRegen 0.26/turn    (no ring)
MPRegen 0.10/turn

%: no passive effects
@: no status effects
A: sickness immunity, AC +4, negative energy resistance 1, electricity
resistance, torment resistance 1, petrification resistance
a: no special abilities


You were on level 4 of the Dungeon.
You visited 1 branch of the dungeon, and saw 4 of its levels.

You collected 94 gold pieces.

Inventory:

Hand Weapons
 a - a +0 flail (weapon)
Missiles
 j - 4 poisoned darts
 m - 3 boomerangs
Armour
 b - a +0 scale mail (worn)
 c - a +0 buckler (worn)
Scrolls
 e - 2 scrolls of teleportation {unknown}
 f - a scroll of identify {unknown}
 g - a scroll of enchant armour {unknown}
 i - a scroll of amnesia {unknown}
 k - a scroll of noise {unknown}
Potions
 d - a potion of might
 h - a potion of brilliance {unknown}
 l - a potion of heal wounds {unknown}


   Skills:
 + Level 4.6 Fighting
 + Level 4.2 Maces & Flails
 + Level 4.4 Armour
 + Level 0.4 Dodging
 + Level 0.2 Stealth
 + Level 3.8 Shields


You had 5 spell levels left.
You didn't know any spells.
Your spell library contained the following spells:

 Spells                   Type           Power      Damage    Failure   Level
 Apportation              Tloc           0%         N/A       78%         1
 Necrotise                Necr           0%         1d4       78%         1
 Summon Small Mammal      Summ           0%         N/A       78%         1
 Ignite Poison            Fire/Tmut/Pois 0%         N/A       98%         3
 Freezing Cloud           Conj/Ice/Air   0%         6-21      100%        5
 Cigotuvi's Dreadful Rot  Necr/Pois/Air  Unusable   N/A       N/A         2

Dungeon Overview and Level Annotations

Branches:
Dungeon (4/15)
 Temple: D:4-7

Altars:

Annotations:
D:2 Sigmund


Innate Abilities, Weirdness & Mutations

You are immune to sickness and miasma.
Your stone body is resilient. (AC +4)
You are immune to poison.
You resist negative energy. (rN+)
You are resistant to electric shocks. (rElec)
You are resistant to unholy torment.
You are immune to petrification.


Message History

You have reached level 6!
You thump the orc priest!
The orc priest is severely wounded.
The orc priest mumbles some strange prayers to Beogh against you.
Pain shoots through your body!
The orc priest hits you but does no damage.
You barely miss the orc priest.
The orc priest is severely wounded.
The orc priest misses you.
The orc priest casts a cantrip, but nothing happens.
You barely miss the orc priest.
The orc priest is severely wounded.
The orc priest barely misses you. You block the orc priest's attack.
Unknown command.
You hit the orc priest.
The orc priest is almost dead.
You block the orc priest's attack. The orc priest misses you.
The orc priest hits you with a +0 club.
The orc priest hits you with a +0 hand axe.
You thump the orc priest!
You kill the orc priest!
The orc priest invokes the aid of Beogh against you.
Beogh smites you!
* * * LOW HITPOINT WARNING * * *
You hit the orc priest.
The orc priest is moderately wounded.
The orc priest completely misses you. You block something's attack.
You hit the orc priest but do no damage.
The orc priest is moderately wounded.
The orc priest hits you but does no damage.
Something hits you.
* * * LOW HITPOINT WARNING * * *
You hit the orc priest.
The orc priest is heavily wounded.
The orc priest barely misses you. Something hits you but does no damage.
You closely miss the orc priest.
The orc priest is heavily wounded.
The orc priest calls down the wrath of Beogh upon you.
Pain shoots through your body!
You die...

#...#......#
#...#......#
#...#......#
#...#......#
########..######
##.######..###..#
#....'......'..##
#....#......#..#
##@##########..#
#....o{# #..##..#
#....... #......#
#........ #......#
#..#..###. #..#####
#############..##..#..
#................
#...............#
#..........<....#


You could see an orc priest.

Vanquished Creatures
  4 orc priests
  An orc wizard (D:3)
  2 adders
  A worm (D:2)
  6 dart slugs
  6 orcs
  6 bats
  4 endoplasms
  2 giant cockroaches
  4 goblins
  11 hobgoblins
  8 jackals
  6 kobolds
  5 quokkas
  2 ball pythons
  A frilled lizard (D:1)
  2 rats (D:1)
71 creatures vanquished.

Notes
Turn   | Place    | Note
-------+----------+-------------------------------------------
     0 | D:1      | AdnanSaban the Gargoyle Fighter began the quest for the
                  | Orb.
     0 | D:1      | Reached XP level 1. HP: 14/14 MP: 1/1
   107 | D:1      | Reached XP level 2. HP: 19/19 MP: 2/2
   186 | D:1      | Reached XP level 3. HP: 10/23 MP: 3/3
   325 | D:1      | Found a faded altar of an unknown god.
   517 | D:2      | Reached XP level 4. HP: 28/28 MP: 4/4
   543 | D:2      | Noticed Sigmund
  1221 | D:3      | Reached XP level 5. HP: 33/33 MP: 5/5
  1403 | D:4      | Reached XP level 6. HP: 25/39 MP: 6/6
  1411 | D:4      | Killed from afar by an orc priest

Illustrated notes

Levels and vault maps discovered:
D:1:      scummos_arrival_hexagon, layout_basic,
          chequers_ecumenical_altar_simple_redux
D:2:      layout_basic, minmay_tetromino_s2, uniq_sigmund
D:3:      layout_loops_ring, dk_noncrumbling_4, grunt_ministairs_2
D:4:      layout_gridville, nicolae_overflow_hallway_of_the_gods

Skill      XL: |  1  2  3  4  5 |
---------------+----------------+-----
Maces & Flails | 3 4 |  4.2
Armour         | 4 |  4.4
Fighting       | 4 |  4.6
Dodging        | |  0.4
Stealth        | |  0.2
Shields        | |  3.8

Action                     |  1- 3 |  4- 6 || total
---------------------------+-------+-------++-------
  Melee: Flail             |    91 |   129 ||   220
 Armour: Scale mail        |    63 |    89 ||   152
  Dodge: Dodged            |    61 |    76 ||   137
  Block: Buckler           |    27 |    32 ||    59

Table legend: (Time is in decaauts)
 A = Elapsed time spent in this place.
 B = Non-inter-level travel time spent in this place.
 C = Inter-level travel time spent in this place.
 D = Time resting spent in this place.
 E = Time spent auto-exploring this place.
 F = Levels seen in this place.
 G = Mean time per level.
                   A        B        C        D        E       F      G
               +--------+--------+--------+--------+--------+-----+--------+
         Total |   1476 |   1445 |     31 |     39 |    913 |   4 |  369.0 |
       Dungeon |   1476 |   1445 |     31 |     39 |    913 |   4 |  369.0 |
               +--------+--------+--------+--------+--------+-----+--------+

Top non-repeatable levels by time:
     D:3: 777 daAuts
     D:1: 416 daAuts
     D:2: 171 daAuts
     D:4: 111 daAuts
